 Dungeon Crawl Stone Soup version 0.30-a0-568-g124715a40b (webtiles) character file.

Game seed: 6170261207628961604

15992 bmack86 the Cleaver (level 12, -8/106 HPs)
             Began as a Minotaur Fighter on Dec 29, 2022.
             Was a High Priest of Okawaru.
             Mangled by a komodo dragon (18 damage)
             ... on level 1 of the Lair of Beasts.
             The game lasted 00:36:35 (9965 turns).

bmack86 the Cleaver (Minotaur Fighter)              Turns: 9965, Time: 00:36:36

Health: -8/106     AC: 25    Str: 33    XL:     12   Next: 6%
Magic:  14/14      EV:  8    Int:  5    God:    Okawaru [*****.]
Gold:   498        SH:  6    Dex: 11    Spells: 11/11 levels left

rFire   + . .      SeeInvis .    i - +5 broad axe
rCold   . . .      Faith    .    c - +0 buckler
rNeg    . . .      Spirit   .    H - +0 plate armour
rPois   .          Reflect  .    (helmet restricted)
rElec   .          Harm     .    (no cloak)
rCorr   .          Rampage  .    y - +2 pair of gloves
Will    .....                    M - +2 pair of boots Stlth
                                 R - amulet of regeneration
HPRegen 1.17/turn                h - +4 ring of protection
MPRegen 0.14/turn                v - ring of Grontol {rF+ Str+8 Stlth-}

@: lethally poisoned (-8 -> -11)
A: horns 2, retaliatory headbutt
a: Renounce Religion, Heroism, Finesse, Duel


You were on level 1 of the Lair of Beasts.
You worshipped Okawaru.
Okawaru was extremely pleased with you.
You visited 3 branches of the dungeon, and saw 13 of its levels.
You also visited: Bailey.

You collected 498 gold pieces.

Inventory:

Hand Weapons
 a - a +0 war axe
 f - a +0 hand axe of flaming
 i - a +5 broad axe (weapon)
 I - a +3 hand axe of electrocution
Missiles
 x - 2 boomerangs (quivered)
 F - 2 javelins
 O - 13 poisoned darts
 Q - 5 atropa-tipped darts
 W - a throwing net
 Z - 2 curare-tipped darts
Armour
 c - a +0 buckler (worn)
 y - a +2 pair of gloves (worn)
 A - a +0 tower shield
 H - a +0 plate armour (worn)
 M - a +2 pair of boots (worn)
Jewellery
 h - a +4 ring of protection (left hand)
 s - an amulet of faith
 v - the ring of Grontol (right hand) {rF+ Str+8 Stlth-}
   (You found it on level 4 of the Dungeon)

   [ring of protection from fire]

   Str:       It affects your strength (+8).
   rF:        It protects you from fire.
   Stlth:     It makes you less stealthy.
 z - a ring of poison resistance
 G - a ring of wizardry
 L - a +6 ring of intelligence
 R - an amulet of regeneration (around neck)
 S - a +5 ring of evasion
Wands
 m - a wand of flame (25)
 U - a wand of light (2)
 X - a wand of roots (7)
Scrolls
 b - 2 scrolls of torment
 e - 4 scrolls of fog
 g - a scroll of silence
 n - a scroll of vulnerability
 o - 3 scrolls of fear
 p - 2 scrolls of amnesia
 r - 4 scrolls of teleportation
 u - a scroll of poison
 C - 2 scrolls of immolation
 D - a scroll of noise
 J - a scroll of butterflies
Potions
 d - 3 potions of might
 j - a potion of haste
 k - 3 potions of brilliance
 l - 5 potions of heal wounds
 q - 4 potions of attraction
 t - a potion of flight
 w - 2 potions of mutation
 B - 4 potions of curing
 E - 6 potions of lignification
 K - 2 potions of magic
 N - 2 potions of ambrosia
 P - a potion of cancellation
 T - 2 potions of invisibility {unknown}
 Y - a potion of resistance


   Skills:
 + Level 10.1 Fighting
 * Level 13.4 Axes
 + Level 7.7 Throwing
 + Level 10.2 Armour
 + Level 10.1 Shields
 - Level 5.0 Invocations


You had 11 spell levels left.
You didn't know any spells.
Your spell library contained the following spells:

 Spells                   Type           Power      Damage    Failure   Level
 Foxfire                  Conj/Fire      0%         2x1d4     98%         1
 Freeze                   Ice            0%         1d3       98%         1
 Frozen Ramparts          Ice            0%         1d1       100%        3
 Gell's Gravitas          Tloc           0%         N/A       100%        3
 Hailstorm                Conj/Ice       0%         3d3       100%        3
 Lesser Beckoning         Tloc           0%         N/A       100%        3
 Teleport Other           Tloc           0%         N/A       100%        3
 Vhi's Electric Charge    Tloc/Air       0%         N/A       100%        3
 Arcjolt                  Conj/Air       0%         1d10      100%        5
 Fireball                 Conj/Fire      0%         3d3       100%        5
 Starburst                Conj/Fire      0%         6d3       100%        6
 Maxwell's Capacitive Co  Air            0%         ∞         100%        8


Dungeon Overview and Level Annotations

Branches:
Dungeon (11/15)            Temple (1/1) D:6            Lair (1/5) D:9
 Bailey (visited)
    Orc: D:9-12

Altars:
Ashenzari
Cheibriados
Dithmenos
Elyvilon
Fedhas
Gozag
Hepliaklqana
Kikubaaqudgha
Makhleb
Nemelex Xobeh
Okawaru
Qazlal
Ru
Sif Muna
Trog
Uskayaw
Vehumet
Wu Jian
Xom
Yredelemnul
Zin
The Shining One


Innate Abilities, Weirdness & Mutations

You have a pair of horns on your head.
You reflexively headbutt those who attack you in melee.


Message History

The bolt of poison hits you.
You are more poisoned.
You feel extremely sick.
You hit Erica. You headbutt Erica, but do no damage.
Erica is lightly wounded.
You feel very sick. Erica hits you but does no damage.
You hit Erica.
Erica is lightly wounded.
You feel very sick. Erica casts a spell at you. The bolt of poison hits you!!
You are more poisoned.
* * * LOW HITPOINT WARNING * * *
You slash Erica!
Erica is moderately wounded.
You feel extremely sick. Erica gestures at you while chanting.
The lance of force hits you but does no damage.
You slice Erica!! You headbutt Erica.
Erica is almost dead.
You hit the komodo dragon.
You feel very sick. The komodo dragon barely misses you.
Erica hits you but does no damage.
You hit Erica.
Erica is almost dead.
You closely miss the komodo dragon.
You feel very sick. You block the komodo dragon's attack.
Erica closely misses you.
You closely miss Erica. You headbutt Erica.
You kill Erica!
Okawaru accepts your kill.
You slash the komodo dragon!
You feel very sick. The komodo dragon bites you.
* * * LOW HITPOINT WARNING * * *
Training target 5.0 for Invocations reached!
Your Invocations skill increases to level 5!
You feel sick. The komodo dragon bites you!!
You die...

..... ........... .
........#P.# . ..
......# #.# ## ..
#.....###.###.#
#.######.....+......#.
#....#......##P.....#
#...!##.....+........
#...@.......#...#'#..
.......l##........##.##.
..########.......##...##
#.......##.....#
...........#⌠..♣..⌠
...........##.....#
.............##...##
..............##⌠##.
...............###..


You could see a komodo dragon.

Vanquished Creatures
  The ghost of Buhan the Cleaver, a journeyman AtFi of Qazlal (Lair:1)
  A vault guard (Bailey)
  Erica (Lair:1)
  A boulder beetle (D:11)
  A tengu warrior (D:11)
  2 two-headed ogres (D:10)
  Maurice (D:11)
  2 komodo dragons
  2 trolls
  5 hornets
  Prince Ribbit (Bailey)
  The ghost of SirDiesAlot the Sneak, an amateur SpBr (D:5)
  A wraith (D:10)
  8 yaks
  A vampire (D:11)
  7 humans (Bailey)
  A wyvern (D:10)
  8 vampire mosquitoes
  Duvessa (D:6)
  2 water moccasins
  3 orc warriors
  2 ice beasts
  A sky beast (D:8)
  An ogre (D:4)
  The ghost of Bediveer the Grasshopper, an amateur HuWn (D:4)
  10 centaurs
  A phantom (D:5)
  2 kobold brigands
  2 gnoll sergeants
  8 bullfrogs
  3 scorpions
  2 necrophages
  Dowan (D:6)
  13 wights
  19 killer bees
  6 howler monkeys
  An electric eel (D:8)
  2 jellies (D:6)
  2 orc priests
  6 hounds
  3 iguanas
  7 orc wizards
  9 adders
  13 gnolls
  A white imp (D:6)
  An ufetubus (D:5)
  A dart slug (D:2)
  33 orcs
  3 ball pythons
  5 endoplasms
  2 giant cockroaches
  8 goblins
  8 hobgoblins
  10 jackals
  16 kobolds
  7 quokkas
  6 bats
  3 frilled lizards
  4 rats
274 creatures vanquished.

Vanquished Creatures (others)
  4 fungi (Lair:1)
  17 plants
  2 withered plants (D:4)
23 creatures vanquished.

Grand Total: 297 creatures vanquished

Notes
Turn   | Place    | Note
-------+----------+-------------------------------------------
     0 | D:1      | bmack86 the Minotaur Fighter began the quest for the Orb.
     0 | D:1      | Reached XP level 1. HP: 19/19 MP: 0/0
   115 | D:1      | Reached XP level 2. HP: 25/27 MP: 1/1
   168 | D:1      | Reached skill level 3 in Axes
   622 | D:2      | Reached XP level 3. HP: 33/33 MP: 2/2
   956 | D:2      | Reached XP level 4. HP: 39/40 MP: 3/3
   958 | D:2      | Reached skill level 1 in Throwing
   962 | D:2      | Reached skill level 4 in Axes
  1343 | D:2      | Reached XP level 5. HP: 47/47 MP: 4/4
  1585 | D:3      | Identified the +5 whip of Mehec {antimagic, rPois rC+ rCorr
                  | SInv}
  2219 | D:3      | Found a glowing golden altar of the Shining One.
  2513 | D:4      | Reached XP level 6. HP: 51/53 MP: 5/5
  2521 | D:4      | Reached skill level 5 in Axes
  2530 | D:4      | Identified the ring of Grontol {rF+ Str+8 Stlth-}
  2819 | D:4      | Reached skill level 5 in Armour
  2832 | D:4      | Found a shimmering altar of Xom.
  2834 | D:4      | Found a shimmering blue altar of Sif Muna.
  2834 | D:4      | Found a glowing silver altar of Zin.
  3004 | D:4      | Reached skill level 5 in Fighting
  3004 | D:4      | Reached skill level 5 in Shields
  3010 | D:4      | Found a runed translucent door.
  3010 | D:4      | Noticed Bediveer's ghost (amateur HuWn)
  3260 | D:5      | Entered Level 5 of the Dungeon
  3339 | D:5      | Reached XP level 7. HP: 60/61 MP: 6/6
  3345 | D:5      | Reached skill level 6 in Axes
  3362 | D:5      | Found a transporter.
  3366 | D:5      | Found a transporter.
  3367 | D:5      | Noticed SirDiesAlot's ghost (amateur SpBr)
  3813 | D:6      | Reached skill level 7 in Axes
  3813 | D:6      | Reached XP level 8. HP: 70/70 MP: 7/7
  3913 | D:6      | Found an ancient bone altar of Kikubaaqudgha.
  3984 | D:6      | Noticed Dowan
  3985 | D:6      | Noticed Duvessa
  3999 | D:6      | Killed Duvessa
  4008 | D:6      | Killed Dowan
  4043 | D:6      | Found a staircase to the Ecumenical Temple.
  4071 | Temple   | Entered the Ecumenical Temple
  4078 | Temple   | Became a worshipper of Warmaster Okawaru
  4318 | D:5      | Reached skill level 8 in Axes
  4321 | D:5      | Killed SirDiesAlot's ghost
  4439 | D:4      | Killed Bediveer's ghost
  4439 | D:4      | Reached * piety under Okawaru
  4440 | D:4      | Reached XP level 9. HP: 72/78 MP: 8/8
  4934 | D:7      | Reached skill level 9 in Axes
  5177 | D:7      | Reached ** piety under Okawaru
  5183 | D:7      | Reached skill level 5 in Throwing
  5945 | D:8      | Reached skill level 10 in Axes
  5997 | D:8      | Found a flagged portal.
  6018 | Bailey   | Entered a bailey
  6051 | Bailey   | Reached *** piety under Okawaru
  6052 | Bailey   | Reached XP level 10. HP: 68/88 MP: 6/9
  6150 | Bailey   | Reached skill level 1 in Invocations
  6203 | Bailey   | Noticed Prince Ribbit
  6203 | Bailey   | Noticed a vault guard
  6214 | Bailey   | Killed Prince Ribbit
  6222 | Bailey   | Killed a vault guard
  6222 | Bailey   | Reached **** piety under Okawaru
  6223 | Bailey   | Reached skill level 11 in Axes
  6445 | D:8      | Received a gift from Okawaru
  6556 | D:8      | Paralysed by a hornet for 1 turns
  7257 | D:9      | Found a staircase to the Lair.
  7275 | D:9      | Paralysed by a hornet for 3 turns
  7358 | D:9      | Reached XP level 11. HP: 65/95 MP: 12/12
  7661 | D:9      | Reached skill level 12 in Axes
  7715 | D:9      | Found a radiant altar of Vehumet.
  7908 | D:10     | Entered Level 10 of the Dungeon
  8118 | D:10     | Noticed a two-headed ogre
  8125 | D:10     | Killed a two-headed ogre
  8468 | D:10     | Noticed a two-headed ogre
  8472 | D:10     | Killed a two-headed ogre
  8472 | D:10     | Reached ***** piety under Okawaru
  8697 | D:11     | Noticed a tengu warrior
  8703 | D:11     | Killed a tengu warrior
  9049 | D:11     | Reached skill level 13 in Axes
  9194 | D:11     | Noticed Maurice
  9241 | D:11     | Killed Maurice
  9391 | D:11     | Noticed a boulder beetle
  9415 | D:11     | Killed a boulder beetle
  9415 | D:11     | Received a gift from Okawaru
  9416 | D:11     | Reached skill level 10 in Armour
  9596 | D:11     | Reached skill level 10 in Shields
  9888 | Lair:1   | Entered Level 1 of the Lair of Beasts
  9893 | Lair:1   | Found a runed translucent door.
  9893 | Lair:1   | Noticed Buhan's ghost (journeyman AtFi)
  9917 | Lair:1   | Killed Buhan's ghost
  9918 | Lair:1   | Reached skill level 10 in Fighting
  9918 | Lair:1   | Reached XP level 12. HP: 106/106 MP: 14/14
  9953 | Lair:1   | Noticed Erica
  9964 | Lair:1   | Killed Erica
  9965 | Lair:1   | Reached skill level 5 in Invocations
  9965 | Lair:1   | Mangled by a komodo dragon

Illustrated notes

Levels and vault maps discovered:
D:1:      reono_arrival_forest_river, layout_loops_ring, minmay_statues_item
D:2:      layout_basic
D:3:      layout_loops_corners, tso_altar, palyth_stone_intersect,
          reono_crystal_passage
D:4:      layout_basic, gammafunk_temple_overflow_forgotten,
          gammafunk_ghost_grave
D:5:      layout_basic, gammafunk_ghost_hive, amcnicky_mini_pool_medium
D:6:      layout_cave_pools, kennysheep_mini, minmay_temple_entry_tees,
          minmay_misc_feat_pillars, uniq_duvessa
D:7:      layout_basic, minivault_26
D:8:      layout_basic, enter_bailey_2, interstate_on_off, serial_bayou_ford_a
D:9:      layout_roguey, marbit_many_paths, david_lair_shrubbed
D:10:     layout_loops_ring, grunt_ogre_cave
D:11:     layout_grid_maze, gauntlet_entry_generic, uniq_maurice
Temple:   nicolae_temple_x_marks_the_god
Lair:1:   layout_regular_city, hellmonk_ghost_happy_afterlife, uniq_erica

Skill      XL: |  1  2  3  4  5  6  7  8  9 10 11 12 |
---------------+-------------------------------------+-----
Axes           | 3 4 5 7 8 10 11 13 | 13.4
Armour         | 4 5 6 8 9 10 | 10.2
Shields        | 4 5 6 8 9 10 | 10.1
Fighting       | 4 5 6 7 8 10 | 10.1
Throwing       | 1 2 3 4 5 6 7 |  7.7
Invocations    | 3 4 5 |  5.0

Action                   |  1- 3 |  4- 6 |  7- 9 | 10-12 || total
-------------------------+-------+-------+-------+-------++-------
Melee: War axe           |    64 |   136 |    39 |       ||   239
       Headbutt          |     6 |    26 |    33 |    57 ||   122
       Hand axe          |       |       |   173 |    57 ||   230
       Broad axe         |       |       |       |   222 ||   222
Throw: Javelin           |    10 |     2 |     4 |     2 ||    18
       Throwing net      |       |       |     1 |       ||     1
       Boomerang         |       |       |       |     2 ||     2
Invok: Heroism           |       |       |     3 |     7 ||    10
       Finesse           |       |       |       |     1 ||     1
  Use: Scroll            |     2 |     4 |     9 |    18 ||    33
       Potion            |       |     1 |     2 |       ||     3
Armor: Scale mail        |    51 |    67 |    16 |       ||   134
       Plate armour      |       |       |   115 |   223 ||   338
Dodge: Dodged            |    34 |    74 |    86 |   109 ||   303
Block: Buckler           |     9 |    31 |    52 |   109 ||   201

Table legend: (Time is in decaauts)
 A = Elapsed time spent in this place.
 B = Non-inter-level travel time spent in this place.
 C = Inter-level travel time spent in this place.
 D = Time resting spent in this place.
 E = Time spent auto-exploring this place.
 F = Levels seen in this place.
 G = Mean time per level.
                   A        B        C        D        E       F      G
               +--------+--------+--------+--------+--------+-----+--------+
         Total |  10009 |   9566 |    443 |     32 |   6131 |  14 |  714.9 |
       Dungeon |   9590 |   9148 |    442 |     32 |   6083 |  11 |  871.8 |
        Temple |    120 |    120 |      0 |      0 |      0 |   1 |  120.0 |
          Lair |     76 |     76 |      0 |      0 |      0 |   1 |   76.0 |
        Bailey |    221 |    221 |      0 |      0 |     48 |   1 |  221.0 |
               +--------+--------+--------+--------+--------+-----+--------+

Top non-repeatable levels by time:
     D:7: 1209 daAuts
    D:11: 1104 daAuts
     D:3: 1080 daAuts
     D:8: 1071 daAuts
    D:10: 836 daAuts
     D:2: 833 daAuts
     D:4: 828 daAuts
     D:9: 706 daAuts
     D:6: 648 daAuts
     D:1: 642 daAuts
     D:5: 627 daAuts
  Bailey: 221 daAuts
  Temple: 120 daAuts
  Lair:1: 76 daAuts
